 Dungeon Crawl Stone Soup version 0.25.0-9-g26727b657a (webtiles) character file.

Game seed: 16837934891499491710

58 Flugkiller the Vexing (level 3, -3/26 HPs)
             Began as a Mummy Enchanter on June 20, 2020.
             Slain by an adder (5 damage)
             ... on level 2 of the Dungeon.
             The game lasted 00:03:46 (2181 turns).

Flugkiller the Vexing (Mummy Enchanter)             Turns: 2181, Time: 00:03:47

Health: -3/26      AC:  2    Str: 11    XL:     3   Next: 75%
Magic:  0/7        EV: 12    Int: 15    God:
Gold:   82         SH:  0    Dex: 12    Spells: 2/8 levels left

rFire    x . .     SeeInvis .   a - +1 dagger
rCold    + . .     Gourm    .   (no shield)
rNeg     + + +     Faith    .   b - +0 robe
rPois    ∞         Spirit   .   (no helmet)
rElec    .         Reflect  .   (no cloak)
rCorr    .         Harm     .   (no gloves)
MR       .....                  (no boots)
Stlth    ++........             (no amulet)
HPRegen  0.08/turn              k - ring of flight
MPRegen  0.10/turn              (no ring)

@: no status effects
A: no food or potions, fire vulnerability, cold resistance 1, negative energy
resistance 3, torment resistance, unbreathing
a: Evoke Flight


You were on level 2 of the Dungeon.
You were not hungry.

You visited 1 branch of the dungeon, and saw 2 of its levels.

You collected 82 gold pieces.

Inventory:

Hand Weapons
 a - a +1 dagger (weapon)
Armour
 b - a +0 robe (worn)
 e - a scarf of harm
   (You found it on level 1 of the Dungeon)
Jewellery
 k - a ring of flight (left hand)
   (You found it on level 1 of the Dungeon)
Scrolls
 c - a scroll of remove curse
 d - a scroll of random uselessness {unknown}
 f - a scroll of magic mapping {unknown}
 g - 2 scrolls of teleportation {unknown}
 h - a scroll of identify {unknown}
 i - a scroll of enchant armour {unknown}
 j - a scroll of immolation {unknown}


   Skills:
 - Level 1.0 Fighting
 - Level 0.7 Short Blades
 - Level 1.5 Dodging
 + Level 2.4 Stealth
 - Level 3.0 Spellcasting
 + Level 4.0 Hexes


You had 2 spell levels left.
You knew the following spells:

 Your Spells              Type           Power        Failure   Level  Hunger
a - Corona                Hex            ##.....      3%          1    N/A
b - Ensorcelled Hibernat  Hex/Ice        #.....       13%         2    N/A
c - Confusing Touch       Hex            ##......     12%         3    N/A

Your spell library contained the following spells:

 Spells                   Type           Power        Failure   Level  Hunger
 Tukima's Dance           Hex            ##......     12%         3    N/A
 Dazzling Flash           Conj/Hex       #.....       26%         3    N/A

Dungeon Overview and Level Annotations

Branches:
Dungeon (2/15)

Altars:


Innate Abilities, Weirdness & Mutations

You do not eat or drink.
Your flesh is vulnerable to fire.
You are immune to poison.
Your flesh is cold resistant. (rC+)
You are immune to negative energy. (rN+++)
You are immune to unholy pain and torment.
You can survive without breathing.


Message History

Press: ? - help, Shift-Dir - straight line, f/p - adder
Aim: an adder (chance to defeat MR: 60%)
The adder is outlined in light.
The adder bites you. x2
* * * LOW HITPOINT WARNING * * *
Casting: Corona (safe; 3% risk of failure)
Confirm with . or Enter, or press ? or * to list all spells.
Aiming: Corona (safe; 3% risk of failure)
Press: ? - help, Shift-Dir - straight line, f/p - adder
Aim: an adder (softly glowing, chance to defeat MR: 60%)
The adder struggles to resist.
The adder closely misses you.
You hit the adder.
The adder is lightly wounded.
The adder barely misses you.
You barely miss the adder.
The adder is lightly wounded.
The adder bites you.
* * * LOW HITPOINT WARNING * * *
You barely miss the adder.
The adder is lightly wounded.
The adder closely misses you. The adder barely misses you.
Unknown command.
You can't drink.
Unknown command.
Okay, then.
Okay, then.
You hit the adder.
The adder is heavily wounded.
The adder bites you.
* * * LOW HITPOINT WARNING * * *
You hit the adder but do no damage.
The adder is heavily wounded.
The adder barely misses you.
Unknown command.
You hit the adder but do no damage.
The adder is heavily wounded.
The adder bites you.
* * * LOW HITPOINT WARNING * * *
The adder bites you but does no damage.
Casting: Corona (safe; 3% risk of failure)
Confirm with . or Enter, or press ? or * to list all spells.
Aiming: Ensorcelled Hibernation (safe; 13% risk of failure)
Press: ? - help, Shift-Dir - straight line, f/p - adder
Aim: an adder (heavily wounded, softly glowing, chance to defeat MR: 49%)
The adder resists with some effort.
The adder stops glowing.
The adder bites you.
* * * LOW HITPOINT WARNING * * *
As you read the scroll labeled NIRIMO PIKOVO, it crumbles to dust.
You feel blessed for a moment.
It was a scroll of remove curse.
The adder bites you.
You die...

#.. .........##.# #.#
########.##.## .##.#
##.#...# .##.#
#####...###.# # .##.#
#!....#.# .##.# .##.#
#.###...###..... # ..#.#
#............... . ..#.#
#........S......
....######.###..@..#...#
# ....†................#
# ................######
# ...[...####.###.# #
..####.# # # #.# # ###
#.# #.# ## #)# #.# ##.
#.# #.# ##.# #.# ##.##
#.##


You could see an adder.

Vanquished Creatures
  2 adders (D:2)
  A worm (D:2)
  2 leopard geckos (D:2)
  A ball python (D:2)
  5 goblins
  5 hobgoblins (D:1)
  5 bats
  5 frilled lizards
  4 kobolds
  7 rats
37 creatures vanquished.

Notes
Turn   | Place    | Note
-------+----------+-------------------------------------------
     0 | D:1      | Flugkiller the Mummy Enchanter began the quest for the Orb.
     0 | D:1      | Reached XP level 1. HP: 13/13 MP: 4/4
   273 | D:1      | Reached skill level 1 in Fighting
   477 | D:1      | Reached skill level 3 in Hexes
   518 | D:1      | Reached XP level 2. HP: 17/21 MP: 3/5
   580 | D:1      | Learned a level 2 spell: Ensorcelled Hibernation
   647 | D:1      | You fall into a shaft and drop 1 floor!
  1617 | D:2      | Found a faded altar of an unknown god.
  1634 | D:2      | Reached XP level 3. HP: 18/26 MP: 2/7
  1953 | D:2      | Reached skill level 4 in Hexes
  2060 | D:2      | Learned a level 3 spell: Confusing Touch
  2181 | D:2      | Slain by an adder

Illustrated notes

Levels and vault maps discovered:
D:1:      dpeg_arrival_arbitrary_c, layout_loops_ring, glass_columns_c,
          hangedman_decor_push, minmay_fountain_box
D:2:      layout_loops_ring, chequers_ecumenical_altar_simple_redux

Skill      XL: |  1  2  3 |
---------------+----------+-----
Fighting       | 1 |  1.0
Hexes          | 3 4 |  4.0
Spellcasting   | 3 |  3.0
Short Blades   | |  0.7
Dodging        | |  1.5
Stealth        | |  2.4

Action                   || total
-------------------------++-------
Melee: Dagger            ||   114
 Cast: Corona            ||    33
       Ensorcelled Hiber ||    14
  Use: Scroll            ||     1
 Stab: Sleeping          ||     6
Armor: Robe              ||    22
Dodge: Dodged            ||    74
